 Dungeon Crawl Stone Soup version 0.25.0-1-g7eea58d2a3 (webtiles) character file.

Game seed: 4497494755380520241

104 Chiseanne the Fighter (level 4, 0/45 HPs)
             Began as a Gnoll Wanderer on June 14, 2020.
             Slain by an orc
             ... wielding a +0 morningstar
              (11 damage)
             ... on level 3 of the Dungeon.
             The game lasted 00:03:25 (2523 turns).

Chiseanne the Fighter (Gnoll Wanderer)              Turns: 2523, Time: 00:03:25

Health: 0/45       AC:  6    Str: 12    XL:     4   Next: 80%
Magic:  7/7        EV:  9    Int: 17    God:
Gold:   99         SH:  0    Dex: 15    Spells: 5/5 levels left

rFire    . . .     SeeInvis .   a - +2 falchion
rCold    . . .     Gourm    .   (no shield)
rNeg     . . .     Faith    .   h - +0 scale mail (curse)
rPois    .         Spirit   .   (no helmet)
rElec    .         Reflect  .   (no cloak)
rCorr    .         Harm     .   (no gloves)
MR       .....                  (no boots)
Stlth    +.........             (no amulet)
HPRegen  0.15/turn              (no ring)
MPRegen  0.10/turn              (no ring)

@: no status effects
A: distributed training, fangs 1, strong nose
a: no special abilities


You were on level 3 of the Dungeon.
You were not hungry.

You visited 1 branch of the dungeon, and saw 3 of its levels.

You collected 99 gold pieces.

Inventory:

Hand Weapons
 a - a +2 falchion (weapon)
Missiles
 b - 73 stones (quivered)
 e - 28 sling bullets
 i - 27 arrows
Armour
 h - a cursed +0 scale mail (worn)
Jewellery
 j - an uncursed ring of protection from cold {unknown}
Scrolls
 d - a scroll of identify
 g - a scroll of remove curse
 m - a scroll of magic mapping {unknown}
Potions
 c - a potion of haste
 k - a potion of stabbing {unknown}
 n - a potion of cancellation {unknown}
 o - a potion of heal wounds {unknown}
Comestibles
 f - 5 rations


   Skills:
 + Level 8.6 Fighting
 + Level 1.2 Short Blades
 + Level 2.8 Long Blades
 + Level 1.2 Axes
 + Level 1.2 Maces & Flails
 + Level 1.2 Polearms
 + Level 1.2 Staves
 + Level 1.2 Slings
 + Level 1.2 Bows
 + Level 2.8 Crossbows
 + Level 1.2 Throwing
 + Level 2.8 Armour
 + Level 1.2 Dodging
 + Level 2.6 Stealth
 + Level 1.2 Shields
 + Level 1.2 Unarmed Combat
 + Level 1.2 Spellcasting
 + Level 1.0 Conjurations
 + Level 1.0 Hexes
 + Level 1.0 Charms
 + Level 1.0 Summonings
 + Level 1.0 Necromancy
 + Level 1.0 Translocations
 + Level 1.0 Transmutations
 + Level 1.0 Fire Magic
 + Level 1.0 Ice Magic
 + Level 1.0 Air Magic
 + Level 1.0 Earth Magic
 + Level 1.0 Poison Magic
 + Level 1.3 Invocations
 + Level 4.7 Evocations


You had 5 spell levels left.
You didn't know any spells.
Your spell library was empty.

Dungeon Overview and Level Annotations

Branches:
Dungeon (3/15)

Altars:


Innate Abilities, Weirdness & Mutations

Your experience applies equally to all skills.
You have very sharp teeth.
Your uncanny sense of smell can sniff out nearby items.


Message History

The orc hits you but does no damage.
The orc wizard casts a spell.
The orc wizard blinks!
You hit the orc. You bite the orc, but do no damage.
The orc is moderately wounded.
The ooze hits you. The orc barely misses you.
The orc priest mumbles some strange prayers to Beogh against you.
Beogh smites you! The ooze hits you but does no damage.
You hear a shout!
You closely miss the orc.
The orc is moderately wounded.
The orc closely misses you. The ooze completely misses you.
You riposte.
You hit the ooze but do no damage. You hit the orc.
The orc is severely wounded.
The orc priest mumbles some strange prayers to Beogh against you.
Beogh smites you!
* * * LOW HITPOINT WARNING * * *
The orc hits you with a +0 morningstar!
You die...

#.# #.# #.# ##.##
.####...######.#
................#
######...########
####.########.##
..(.ooo@J.....#
####.########## ∆


You could see an orc priest, an orc wizard, an ooze and an orc.

Vanquished Creatures
  3 adders
  2 dart slugs (D:1)
  4 leopard geckos
  2 orcs (D:3)
  2 ball pythons
  2 giant cockroaches
  5 hobgoblins
  10 jackals (D:1)
  6 kobolds
  A quokka (D:2)
  7 bats
  4 frilled lizards
  9 goblins
  3 rats (D:1)
60 creatures vanquished.

Notes
Turn   | Place    | Note
-------+----------+-------------------------------------------
     0 | D:1      | Chiseanne the Gnoll Wanderer began the quest for the Orb.
     0 | D:1      | Chiseanne set off with the following items: a +2 falchion,
                  | a potion of curing, a scroll of teleportation, a +0 robe, a
                  | ration
     0 | D:1      | Reached XP level 1. HP: 26/26 MP: 3/3
   228 | D:1      | Reached XP level 2. HP: 33/33 MP: 5/5
   595 | D:1      | Reached XP level 3. HP: 30/38 MP: 6/6
  1152 | D:1      | Reached skill level 1 in Invocations
  1451 | D:1      | Reached skill level 1 in Short Blades
  1451 | D:1      | Reached skill level 1 in Axes
  1451 | D:1      | Reached skill level 1 in Maces & Flails
  1451 | D:1      | Reached skill level 1 in Polearms
  1451 | D:1      | Reached skill level 1 in Staves
  1451 | D:1      | Reached skill level 1 in Slings
  1451 | D:1      | Reached skill level 1 in Bows
  1451 | D:1      | Reached skill level 1 in Throwing
  1451 | D:1      | Reached skill level 1 in Dodging
  1451 | D:1      | Reached skill level 1 in Shields
  1451 | D:1      | Reached skill level 1 in Unarmed Combat
  1451 | D:1      | Reached skill level 1 in Spellcasting
  1889 | D:1      | Reached XP level 4. HP: 39/45 MP: 7/7
  2299 | D:3      | Reached skill level 1 in Conjurations
  2299 | D:3      | Reached skill level 1 in Hexes
  2299 | D:3      | Reached skill level 1 in Charms
  2299 | D:3      | Reached skill level 1 in Summonings
  2299 | D:3      | Reached skill level 1 in Necromancy
  2299 | D:3      | Reached skill level 1 in Translocations
  2299 | D:3      | Reached skill level 1 in Transmutations
  2299 | D:3      | Reached skill level 1 in Fire Magic
  2299 | D:3      | Reached skill level 1 in Ice Magic
  2299 | D:3      | Reached skill level 1 in Air Magic
  2299 | D:3      | Reached skill level 1 in Earth Magic
  2299 | D:3      | Reached skill level 1 in Poison Magic
  2523 | D:3      | Slain by an orc

Illustrated notes

Levels and vault maps discovered:
D:1:      dpeg_arrival_brainrot, layout_basic, minmay_tetromino_t4
D:2:      layout_loops_ring, good_gods_temple_1, first_ration,
          kennysheep_generic_room_5
D:3:      layout_loops_ring, marbit_many_paths, uniq_ijyb

Skill      XL: |  1  2  3  4 |
---------------+-------------+-----
Invocations    | 1 |  1.3
Short Blades   | 1 |  1.2
Axes           | 1 |  1.2
Maces & Flails | 1 |  1.2
Polearms       | 1 |  1.2
Staves         | 1 |  1.2
Slings         | 1 |  1.2
Bows           | 1 |  1.2
Throwing       | 1 |  1.2
Dodging        | 1 |  1.2
Shields        | 1 |  1.2
Unarmed Combat | 1 |  1.2
Spellcasting   | 1 |  1.2
Conjurations   | 1 |  1.0
Hexes          | 1 |  1.0
Charms         | 1 |  1.0
Summonings     | 1 |  1.0
Necromancy     | 1 |  1.0
Translocations | 1 |  1.0
Transmutations | 1 |  1.0
Fire Magic     | 1 |  1.0
Ice Magic      | 1 |  1.0
Air Magic      | 1 |  1.0
Earth Magic    | 1 |  1.0
Poison Magic   | 1 |  1.0
Fighting       | |  8.6
Long Blades    | |  2.8
Crossbows      | |  2.8
Armour         | |  2.8
Stealth        | |  2.6
Evocations     | |  4.7

Action                   |  1- 3 |  4- 6 || total
-------------------------+-------+-------++-------
Melee: Falchion          |   103 |    51 ||   154
       Bite              |    11 |    11 ||    22
       Punch             |       |     1 ||     1
  Use: Scroll            |     4 |     1 ||     5
       Potion            |     1 |       ||     1
 Stab: Sleeping          |     1 |       ||     1
  Eat: Chunk             |     2 |     3 ||     5
Armor: Robe              |    17 |       ||    17
       Scale mail        |       |    16 ||    16
Dodge: Dodged            |   125 |    28 ||   153
       Rpst.: Falchion   |    36 |     7 ||    43
